 Dungeon Crawl Stone Soup version 0.26.1-11-gd32895ea62 (webtiles) character file.

Game seed: 5951324172637584403

9195 solnovus the Thaumaturge (level 11, -1/54 HPs)
             Began as a Deep Elf Venom Mage on June 29, 2021.
             Was an Elder of Sif Muna.
             Killed from afar by a gargoyle (13 damage)
             ... with a stone arrow
             ... on level 11 of the Dungeon.
             The game lasted 00:48:14 (14819 turns).

solnovus the Thaumaturge (Deep Elf Venom Mage)     Turns: 14819, Time: 00:48:14

Health: -1/54      AC:  7    Str:  5    XL:     11   Next: 19%
Magic:  25/31      EV: 12    Int: 35    God:    Sif Muna [****..]
Gold:   81         SH:  0    Dex: 15    Spells: 7/38 levels left

rFire    . . .     SeeInvis .   s - +10 quarterstaff "Umudul" {flame, *Drain rC+ Int+5}
rCold    + . .     Faith    .   (shield currently unavailable)
rNeg     . . .     Spirit   .   K - +0 troll leather armour
rPois    .         Reflect  .   l - +0 helmet
rElec    .         Harm     .   G - +0 cloak
rCorr    +         Rampage  .   (no gloves)
Will     +....                  (no boots)
Stlth    ++........             (no amulet)
HPRegen  0.58/turn              n - +6 ring of intelligence
MPRegen  0.22/turn              k - ring of resist corrosion

@: no status effects
A: no striking features
a: Renounce Religion, Channel Magic, Forget Spell, Divine Exegesis


You were on level 11 of the Dungeon.
You worshipped Sif Muna.
Sif Muna was greatly pleased with you.
You visited 2 branches of the dungeon, and saw 12 of its levels.

You collected 711 gold pieces.
You spent 630 gold pieces at shops.

Inventory:

Hand Weapons
 s - the +10 quarterstaff "Umudul" (weapon) {flame, *Drain rC+ Int+5}
   (You took it off an orc wizard on level 4 of the Dungeon)

   It has been specially enchanted to burn those struck by it, causing extra
   injury to most foes and up to half again as much damage against particularly
   susceptible opponents.
   It affects your intelligence (+5).
   It protects you from cold.
   It causes draining when unequipped.
 C - the +8 flail of the Heavens {chaos, MP+9}
   (You took it off a centaur on level 9 of the Dungeon)

   Each time it hits an enemy it has a different, random effect.
   It affects your magic capacity (+9).
Armour
 l - a +0 helmet (worn)
 u - the +2 robe of Inloid {-Tele rF- Str+4 Int+6}
   (You found it on level 7 of the Dungeon)

   It affects your strength (+4).
   It affects your intelligence (+6).
   It makes you vulnerable to fire.
   It prevents most forms of teleportation.
 G - a +0 cloak (worn)
 K - a +0 troll leather armour (worn)
Magical Staves
 J - a cursed staff of death
Jewellery
 k - a ring of resist corrosion (right hand)
 n - a +6 ring of intelligence (left hand)
 q - an uncursed amulet of faith
 B - a cursed ring of attention {unknown}
Wands
 v - a wand of enslavement (6)
 y - a wand of iceblast (25)
 z - a wand of flame (25)
 F - a wand of polymorph (7)
 H - a wand of paralysis (11)
Scrolls
 a - 3 scrolls of identify
 b - 3 scrolls of teleportation
 c - 3 scrolls of magic mapping
 d - a scroll of random uselessness
 e - 5 scrolls of remove curse
 i - 3 scrolls of immolation
 j - 2 scrolls of amnesia
 w - 2 scrolls of fog
Potions
 f - 4 potions of attraction
 g - 5 potions of brilliance
 m - 4 potions of haste
 o - a potion of cancellation
 p - 2 potions of might {unknown}
 r - a potion of magic {unknown}
 t - 2 potions of flight
 x - a potion of resistance {unknown}
 A - 2 potions of curing {unknown}
 D - a potion of degeneration {unknown}
 E - a potion of ambrosia {unknown}
 I - a potion of lignification {unknown}


   Skills:
 - Level 5.0 Armour
 - Level 2.4 Dodging
 - Level 2.8 Stealth
 + Level 14.0 Spellcasting
 * Level 5.3 Conjurations
 * Level 2.6 Summonings
 - Level 4.7 Necromancy
 - Level 1.2 Transmutations
 - Level 11.1 Poison Magic


You had 7 spell levels left.
You knew the following spells:

 Your Spells              Type           Power        Failure   Level
a - Sting                 Tmut/Pois      100%         1%          1
b - Poisonous Vapours     Pois/Air       100%         1%          2
c - Mephitic Cloud        Conj/Pois/Air  58%          1%          3
d - Ignite Poison         Fire/Tmut/Pois 52%          1%          3
e - Olgreb's Toxic Radia  Pois           80%          1%          4
f - Animate Dead          Necr           27%          3%          4
g - Searing Ray           Conj           100%         1%          2
h - Iskenderun's Mystic   Conj/Tloc      43%          9%          4
i - Magic Dart            Conj           100%         1%          1
j - Orb of Destruction    Conj           29%          94%         7

Your spell library contained the following spells:

 Spells                   Type           Power        Failure   Level
 Animate Skeleton         Necr           100%         1%          1
 Beastly Appendage        Tmut           66%          1%          1
 Pain                     Necr           100%         1%          1
 Spider Form              Tmut/Pois      31%          1%          3
 Vampiric Draining        Necr           27%          1%          3
 Wereblood                Tmut           33%          2%          2
 Dazzling Flash           Conj/Hex       86%          2%          3
 Iskenderun's Battlesphe  Conj           58%          8%          5
 Fulminant Prism          Conj/Hex       21%          9%          4
 Agony                    Necr           55%          10%         5
 Ice Form                 Ice/Tmut       29%          21%         4
 Bolt of Magma            Conj/Fire/Erth 18%          34%         5
 Blade Hands              Tmut           16%          38%         5
 Iron Shot                Conj/Erth      21%          78%         6
 Spellforged Servitor     Conj/Summ      25%          99%         7


Dungeon Overview and Level Annotations

Branches:
Dungeon (11/15)            Temple (1/1) D:4            Lair (0/6) D:8
    Orc: D:9-12

Altars:
Ashenzari
Cheibriados
Dithmenos
Elyvilon
Fedhas
Gozag
Hepliaklqana
Kikubaaqudgha
Makhleb
Nemelex Xobeh
Okawaru
Qazlal
Ru
Sif Muna
Trog
Uskayaw
Vehumet
Wu Jian
Xom
Yredelemnul
Zin
The Shining One

Shops:
D:6 :

Annotations:
D:5 3 runed translucent doors, 2021koboldassassin's ghost, novice KoVM
D:11 exclusion: soldier ant


Message History

You are engulfed in noxious fumes.
You choke on the stench!
You are more confused.
The gargoyle hurls a stone arrow at you.
The stone arrow hits you!!
* * * LOW HITPOINT WARNING * * *
You're too confused to cast spells.
You're too confused to cast spells.
You're too confused to cast spells.
You are too confused!
You are engulfed in noxious fumes.
* * * LOW HITPOINT WARNING * * *
You bump into the rock wall.
You are engulfed in noxious fumes.
You choke on the stench!
You are more confused.
The gargoyle hurls a stone arrow at you.
The stone arrow misses you.
You feel less confused.
The gargoyle hurls a stone arrow at you.
The stone arrow hits you!
You die...

#.. ... #########
.... ........#
...######### #.#
..........<# #.#
..........## #°#
#.........########9#
+...........}...@..#
#.........##########
#.........#
..........#
..........#
..........#
.###'###### ##
#........ #
########.


You could see a gargoyle.

Vanquished Creatures
  A two-headed ogre (D:9)
  An ugly thing (D:11)
  A gargoyle (D:10)
  A komodo dragon (D:10)
  2 trolls
  A hornet (D:9)
  A wraith (D:11)
  A wyvern (D:8)
  7 yaks (D:9)
  Menkaure (D:4)
  A soldier ant (D:11)
  2 orc warriors
  A water moccasin (D:9)
  5 ice beasts
  2 sky beasts
  A black bear (D:8)
  A necrophage (D:7)
  4 ogres
  7 centaurs
  A phantom (D:6)
  3 big kobolds
  9 bullfrogs
  A wyvern skeleton (D:6)
  A scorpion (D:7)
  16 killer bees
  4 wights
  3 howler monkeys
  A quasit (D:9)
  6 orc priests
  A centaur zombie (D:6)
  12 hounds
  A bullfrog skeleton (D:11)
  3 jellies
  9 orc wizards
  2 centaur skeletons
  2 iguanas
  10 worker ants
  A killer bee zombie (D:9)
  5 hound skeletons
  8 adders
  A gnoll (D:9)
  A shadow imp (D:9)
  3 white imps
  2 ufetubi
  An ooze (D:1)
  4 adder skeletons
  2 dart slugs (D:1)
  5 leopard geckos
  32 orcs
  A ball python (D:3)
  7 goblins
  6 hobgoblins
  14 jackals
  13 kobolds
  6 quokkas
  6 bats
  4 frilled lizards
  A leopard gecko skeleton (D:8)
  7 rats
256 creatures vanquished.

Vanquished Creatures (others)
  15 plants
15 creatures vanquished.

Grand Total: 271 creatures vanquished

Notes
Turn   | Place    | Note
-------+----------+-------------------------------------------
     0 | D:1      | solnovus the Deep Elf Venom Mage began the quest for the
                  | Orb.
     0 | D:1      | Reached XP level 1. HP: 10/10 MP: 6/6
    89 | D:1      | Reached XP level 2. HP: 13/15 MP: 0/8
   673 | D:1      | Reached XP level 3. HP: 19/19 MP: 7/10
  1173 | D:2      | Reached skill level 4 in Spellcasting
  1755 | D:2      | Learned a level 2 spell: Poisonous Vapours
  1759 | D:2      | Learned a level 3 spell: Mephitic Cloud
  1763 | D:2      | Learned a level 3 spell: Ignite Poison
  2290 | D:3      | Reached XP level 4. HP: 24/24 MP: 4/12
  2538 | D:3      | Found a sparkling altar of Nemelex Xobeh.
  2592 | D:3      | Found a sacrificial altar of Ru.
  2596 | D:3      | Found an iron altar of Okawaru.
  2815 | D:3      | Found a shadowy altar of Dithmenos.
  2906 | D:3      | Found a basalt altar of Yredelemnul.
  3270 | D:4      | Reached skill level 5 in Poison Magic
  3622 | D:4      | Reached skill level 5 in Spellcasting
  3622 | D:4      | Reached XP level 5. HP: 23/28 MP: 10/14
  3761 | D:4      | Identified the +10 quarterstaff "Umudul" {flame, *Drain rC+
                  | Int+5}
  3828 | D:4      | Noticed Menkaure
  4379 | D:4      | Reached skill level 6 in Spellcasting
  4379 | D:4      | Reached XP level 6. HP: 25/32 MP: 2/17
  4501 | D:5      | Entered Level 5 of the Dungeon
  4881 | D:4      | Found a staircase to the Ecumenical Temple.
  4906 | Temple   | Entered the Ecumenical Temple
  4954 | Temple   | Became a worshipper of Sif Muna the Loreminder
  5035 | D:5      | Noticed an ice beast
  5525 | D:5      | Learned a level 4 spell: Olgreb's Toxic Radiance
  5644 | D:5      | Reached skill level 7 in Spellcasting
  5781 | D:5      | Noticed an ice beast
  5786 | D:5      | Killed an ice beast
  5787 | D:5      | Reached XP level 7. HP: 36/36 MP: 9/19
  5911 | D:5      | Found a runed translucent gate.
  5912 | D:5      | Found a runed translucent gate.
  5913 | D:5      | Found a runed translucent gate.
  5915 | D:5      | Noticed 2021koboldassassin's ghost (novice KoVM)
  5916 | D:5      | Found the ring of the Mage {Wiz Will++ Int+3}
  6054 | D:5      | Reached skill level 8 in Spellcasting
  6160 | D:5      | Found a hide-covered altar of Uskayaw.
  6486 | D:4      | Killed Menkaure
  6652 | D:6      | Reached XP level 8. HP: 37/41 MP: 1/22
  6790 | D:6      | Reached skill level 9 in Spellcasting
  6799 | D:6      | Reached skill level 1 in Armour
  7043 | D:6      | Found Tuifuul's Book Shop.
  7059 | D:6      | Found a hide-covered altar of Uskayaw.
  7361 | D:6      | Found a hazy altar of Hepliaklqana.
  7465 | D:7      | Got an opalescent robe
  7476 | D:7      | Identified the +2 robe of Inloid {-Tele rF- Str+4 Int+6}
                  | (You found it on level 7 of the Dungeon)
  7527 | D:7      | Reached * piety under Sif Muna
  7804 | D:7      | Reached skill level 10 in Spellcasting
  7908 | D:7      | Found a stormy altar of Qazlal.
  7911 | D:7      | Noticed an air elemental
  8237 | D:7      | Found a burning altar of Makhleb.
  8449 | D:8      | Reached XP level 9. HP: 45/45 MP: 17/25
  8782 | D:8      | Reached skill level 11 in Spellcasting
  9407 | D:8      | Reached skill level 1 in Conjurations
  9510 | D:8      | Reached skill level 10 in Poison Magic
  9634 | D:8      | Reached ** piety under Sif Muna
 10175 | D:8      | Found a staircase to the Lair.
 10747 | D:9      | Reached skill level 12 in Spellcasting
 10789 | D:9      | Found a sacrificial altar of Ru.
 11241 | D:9      | Identified the +8 flail of the Heavens {chaos, MP+9}
 11244 | D:9      | Reached XP level 10. HP: 50/50 MP: 16/28
 11525 | D:9      | Learned a level 4 spell: Animate Dead
 11608 | D:9      | Noticed a two-headed ogre
 11612 | D:9      | Killed a two-headed ogre
 11895 | D:9      | Reached *** piety under Sif Muna
 11896 | D:9      | Reached skill level 13 in Spellcasting
 12596 | D:10     | Entered Level 10 of the Dungeon
 13122 | D:10     | Noticed a gargoyle
 13137 | D:10     | Killed a gargoyle
 13138 | D:10     | Reached skill level 5 in Armour
 14202 | D:10     | Reached XP level 11. HP: 54/54 MP: 23/30
 14205 | D:10     | Learned a level 2 spell: Searing Ray
 14210 | D:10     | Learned a level 4 spell: Iskenderun's Mystic Blast
 14212 | D:10     | Learned a level 1 spell: Magic Dart
 14401 | D:6      | Bought a book of Power for 630 gold pieces
 14409 | D:6      | Learned a level 7 spell: Orb of Destruction
 14627 | D:11     | Noticed a white ugly thing
 14630 | D:11     | Reached skill level 1 in Summonings
 14635 | D:11     | Killed a white ugly thing
 14635 | D:11     | Reached **** piety under Sif Muna
 14636 | D:11     | Reached skill level 14 in Spellcasting
 14636 | D:11     | Reached skill level 5 in Conjurations
 14819 | D:11     | Killed from afar by a gargoyle

Illustrated notes

Levels and vault maps discovered:
D:1:      lightli_arrival_noodles, layout_basic
D:2:      layout_rooms, serial_forest, infiniplex_forest_clump_diagonal,
          infiniplex_forest_clump_long, infiniplex_forest_clump_double,
          infiniplex_forest_lined_2, infiniplex_forest_straight_5,
          infiniplex_forest_split
D:3:      layout_basic, kennysheep_okawaru_gauntlet,
          nicolae_overflow_quartered_altars
D:4:      layout_basic, minmay_temple_entry_hall, uniq_menkaure
D:5:      layout_loops_ring, marbit_many_paths, gammafunk_ghost_necromancy
D:6:      layout_basic, nzn_hepliaklqana_mist_gate, serial_shops, shop,
          basic_altar
D:7:      layout_rooms, nicolae_qazlal_style_of_elements,
          makhleb_blood_cavern_becter, serial_glass, glass_columns_c,
          glass_columns_a, glass_columns_b, glass_columns_c, glass_columns_b,
          glass_columns_b, glass_columns_a, glass_columns_b, glass_columns_a,
          glass_columns_a, glass_columns_a, glass_columns_b, glass_columns_c,
          glass_columns_a
D:8:      layout_loops_corners, lair_entry_dummy, grunt_ogre_cave
D:9:      nzn_winding_woodlands_small
          [nzn_winding_woodlands_5x15_pathside_ponds,
          nzn_winding_woodlands_center_garden,
          nzn_winding_woodlands_5x15_lazy_stream], layout_basic,
          nicolae_ru_awakened_eye
D:10:     layout_stronghold
D:11:     hangedman_cross_cluster, layout_basic, orc_0_dummy, enter_trove_3,
          kb_rosetta
Temple:   cyrus_circular_temple

Skill      XL: |  1  2  3  4  5  6  7  8  9 10 11 |
---------------+----------------------------------+-----
Poison Magic   | 4 5 6 7 9 10 11 | 11.1
Spellcasting   | 4 5 6 7 8 10 12 13 14 | 14.0
Armour         | 2 4 5 |  5.0
Conjurations   | 3 4 5 |  5.3
Necromancy     | 4 |  4.7
Summonings     | 2 |  2.6
Dodging        | |  2.4
Stealth        | |  2.8
Transmutations | |  1.2

Action                   |  1- 3 |  4- 6 |  7- 9 | 10-12 || total
-------------------------+-------+-------+-------+-------++-------
Melee: Unarmed           |     1 |       |       |       ||     1
       Short sword       |     6 |       |       |       ||     6
       Falchion          |       |    40 |       |       ||    40
       Quarterstaff      |       |     5 |    41 |    24 ||    70
 Cast: Sting             |    67 |    32 |     2 |     3 ||   104
       Poisonous Vapours |     9 |    68 |    91 |    59 ||   227
       Mephitic Cloud    |       |     8 |    26 |    21 ||    55
       Ignite Poison     |       |     3 |    35 |    28 ||    66
       Olgreb's Toxic Ra |       |     1 |    11 |    18 ||    30
       Animate Dead      |       |       |       |     1 ||     1
       Magic Dart        |       |       |       |     4 ||     4
       Iskenderun's Myst |       |       |       |     1 ||     1
  Use: Scroll            |     4 |     4 |     6 |     5 ||    19
       Potion            |     1 |     1 |       |     2 ||     4
Armor: Robe              |     8 |       |       |       ||     8
       Leather armour    |       |    20 |     7 |     6 ||    33
       Troll leather arm |       |       |       |     8 ||     8
Dodge: Dodged            |    32 |    66 |    29 |    29 ||   156
       Rpst.: Falchion   |       |    14 |       |       ||    14
